 Dungeon Crawl Stone Soup version 0.29.0-11-gd7f09526c8 (webtiles) character file.

Game seed: 7605284245223687292

26 concernfroge the Trooper (level 2, -1/25 HPs)
             Began as a Mummy Monk on Sept 3, 2022.
             Slain by a hobgoblin (4 damage)
             ... on level 1 of the Dungeon.
             The game lasted 00:02:35 (415 turns).

concernfroge the Trooper (Mummy Monk)                Turns: 415, Time: 00:02:36

Health: -1/25      AC:  3    Str: 14    XL:     2   Next: 89%
Magic:  2/2        EV: 12    Int:  9    God:
Gold:   37         SH:  0    Dex: 14    Spells: 1/1 levels left

rFire   x . .      SeeInvis .   a - +1 spear
rCold   + . .      Faith    .   (no shield)
rNeg    + + +      Spirit   .   b - +0 robe
rPois   ∞          Reflect  .   (no helmet)
rElec   .          Harm     .   (no cloak)
rCorr   .          Rampage  .   f - +0 pair of gloves
Will    .....                   (no boots)
Stlth   ++........              (no amulet)
HPRegen 0.08/turn               (no ring)
MPRegen 0.08/turn               (no ring)

@: no status effects
A: cold resistance 1, negative energy resistance 3, torment resistance 2, heat
vulnerability 1, no potions
a: no special abilities


You were on level 1 of the Dungeon.
You visited 1 branch of the dungeon, and saw 1 of its levels.

You collected 37 gold pieces.

Inventory:

Hand Weapons
 a - a +1 spear (weapon)
Missiles
 d - 6 boomerangs (quivered)
Armour
 b - a +0 robe (worn)
 f - a +0 pair of gloves (worn)


   Skills:
 + Level 4.1 Fighting
 - Level 2.4 Polearms
 - Level 2.4 Dodging
 - Level 1.5 Stealth


You had one spell level left.
You didn't know any spells.
Your spell library contained the following spells:

 Spells                   Type           Power      Damage    Failure   Level
 Ensorcelled Hibernation  Hex/Ice        0%         N/A       52%         2
 Ignite Poison            Fire/Tmut/Pois 0%         N/A       77%         3
 Mephitic Cloud           Conj/Pois/Air  0%         N/A       77%         3
 Anguish                  Hex/Necr       0%         N/A       99%         4
 Freezing Cloud           Conj/Ice/Air   0%         6-21      100%        5
 Spider Form              Tmut/Pois      Unusable   N/A       N/A         3

Dungeon Overview and Level Annotations

Branches:
Dungeon (1/15)

Altars:


Innate Abilities, Weirdness & Mutations

You are immune to poison.
Your flesh is cold resistant. (rC+)
You are immune to negative energy. (rN+++)
You are immune to unholy pain and torment.
You are vulnerable to heat. (rF-)
You do not drink.


Message History

The gnoll closely misses you.
You reach to attack!
You hit the gnoll but do no damage. The gnoll barely misses you.
You reach to attack!
You hit the gnoll but do no damage.
The gnoll hits you from afar with a +0 spear.
You reach to attack!
You hit the gnoll.
The gnoll is lightly wounded.
The gnoll hits you from afar with a +0 spear.
You reach to attack!
You hit the gnoll.
The gnoll is moderately wounded.
The gnoll hits you from afar with a +0 spear!
* * * LOW HITPOINT WARNING * * *
As you read the scroll labelled JAOSENITO, it crumbles to dust.
The creatures around you are filled with an inner flame!
It was a scroll of immolation.
The gnoll hits you from afar with a +0 spear.
* * * LOW HITPOINT WARNING * * *
The hobgoblin attacks as you move away! The hobgoblin closely misses you.
As you read the scroll labelled SAUFEX HIOLESS, it crumbles to dust.
The scroll dissolves into smoke.
It was a scroll of fog.
The hobgoblin closely misses you. The hobgoblin attacks as you move away!
The hobgoblin barely misses you. The hobgoblin attacks as you move away!
The hobgoblin hits you but does no damage.
As you read the scroll labelled IMYPAKYZXU, it crumbles to dust.
It is a scroll of enchant weapon.
Your +0 spear glows red for a moment.
The hobgoblin hits you but does no damage.
As you read the scroll labelled UCHYMUIS TIQUPH, it crumbles to dust.
It is a scroll of identify.
You don't have any unidentified items.
The gnoll hits you but does no damage. The hobgoblin misses you.
The hobgoblin attacks as you move away! The hobgoblin hits you.
* * * LOW HITPOINT WARNING * * *
The hobgoblin attacks as you move away! The hobgoblin barely misses you.
You open the door. The hobgoblin misses you.
There is an open door here.
The hobgoblin attacks as you move away! The hobgoblin barely misses you.
The hobgoblin attacks as you move away! The hobgoblin hits you.
You die...

..................
...###'###....... #.
#8...8#..##... #..
##.#.##.####.. #..
#8.#.8#..##... #..
##.#.##....... #
#.########8...8########
#.#.#8#8#8#8#...#8#8#8#
#
#.#.#..g@..............
#
#...'g#####...<...#####
+
#.#.#.................
# #.#8#8#8#8#...#8#8#8#
# #g########8...8#### #
#..§§§§§§##.#.## .
#..§§##§§#8.#.8 .
#...####§##.#.# ..
#....##§§#8. .8 ..


You could see a gnoll (inner flame) and a hobgoblin (inner flame).

Vanquished Creatures
  5 endoplasms (D:1)
  3 giant cockroaches (D:1)
  3 hobgoblins (D:1)
  3 kobolds (D:1)
  A quokka (D:1)
  3 ball pythons (D:1)
  2 bats (D:1)
  A frilled lizard (D:1)
  A rat (D:1)
22 creatures vanquished.

Notes
Turn   | Place    | Note
-------+----------+-------------------------------------------
     0 | D:1      | concernfroge the Mummy Monk began the quest for the Orb.
     0 | D:1      | Reached XP level 1. HP: 18/18 MP: 1/1
   118 | D:1      | Reached XP level 2. HP: 21/24 MP: 2/2
   358 | D:1      | Reached skill level 4 in Fighting
   415 | D:1      | Slain by a hobgoblin

Illustrated notes

Levels and vault maps discovered:
D:1:      heliophobic_arrival_ceremonial_halls, layout_basic, minmay_box_of_dots

Skill      XL: |  1  2 |
---------------+-------+-----
Fighting       | 4 |  4.1
Polearms       | |  2.4
Dodging        | |  2.4
Stealth        | |  1.5

Action                   || total
-------------------------++-------
Melee: Spear             ||    75
       Punch             ||     1
  Use: Scroll            ||     4
 Stab: Sleeping          ||     2
Armor: Robe              ||    14
Dodge: Dodged            ||    40
